 Dungeon Crawl Stone Soup version 0.17-a0-1863-g715b4b0 (webtiles) character file.

406 kae the Basher (level 6, -4/51 HPs)
             Began as a Minotaur Fighter on Sept 20, 2015.
             Was an Initiate of Makhleb.
             Slain by an orc warrior
             ... wielding a +0 scimitar
              (16 damage)
             ... on level 4 of the Dungeon.
             The game lasted 00:03:21 (2671 turns).

kae the Basher (Minotaur Fighter)                   Turns: 2671, Time: 00:03:21

Health: -4/51      AC:  8    Str: 21    XL:     6   Next: 56%
Magic:  5/5        EV:  7    Int:  7    God:    Makhleb [......]
Gold:   202        SH:  0    Dex:  9    Spells: 0 memorised, 5 levels left

rFire  . . .     SeeInvis .     a - +0 flail
rCold  . . .     Clarity  .     b - +0 scale mail
rNeg   . . .     SustAt   .     c - +0 shield
rPois  .         Gourm    +     (helmet restricted)
rElec  .         Spirit   .     o - +0 cloak (curse)
rCorr  .         Warding  .     (no gloves)
rMut   .         Stasis   .     (no boots)
MR     .....                    s - amulet of the gourmand
Stlth  ..........               (no ring)
                                h - ring of flight

@: confused, not resistant to hostile enchantments, extremely unstealthy
A: retaliatory headbutt, horns 2
a: Renounce Religion, Evoke Flight


You were on level 4 of the Dungeon.
You worshipped Makhleb.
Makhleb was noncommittal.
You were completely stuffed.

You visited 1 branch of the dungeon, and saw 4 of its levels.

You collected 202 gold pieces.

Inventory:

Hand weapons
 a - a +0 flail (weapon)
Armour
 b - a +0 scale mail (worn)
 c - a +0 shield (worn)
 o - a cursed +0 cloak (worn)
Jewellery
 h - a ring of flight (left hand)
 s - an amulet of the gourmand (around neck)
 t - an uncursed ring of protection from fire {unknown}
Scrolls
 g - 3 scrolls of enchant weapon {unknown}
 j - 3 scrolls of teleportation {unknown}
 n - a scroll of blinking {unknown}
 r - 2 scrolls of enchant armour {unknown}
 u - a scroll of recharging {unknown}
 x - a scroll of random uselessness {unknown}
 y - a scroll of identify {unknown}
 C - a scroll of fear {unknown}
 D - a scroll of fog {unknown}
Potions
 d - 3 potions of might
 m - a potion of agility {unknown}
 p - a potion of degeneration {unknown}
 q - a potion of magic {unknown}
 v - 2 potions of lignification {unknown}
 w - a potion of brilliance {unknown}
 z - a potion of flight {unknown}
 A - a potion of invisibility {unknown}
Comestibles
 e - 3 bread rations
 i - a beef jerky
 k - a slice of pizza
 l - 10 fruits
 B - a meat ration


   Skills:
 - Level 3.6 Fighting
 + Level 8.5 Maces & Flails
 - Level 3.6 Armour
 - Level 3.6 Shields


You had 5 spell levels left.
You didn't know any spells.

Dungeon Overview and Level Annotations

Branches:
Dungeon (4/15)             Temple (0/1) D:4

Altars:
Fedhas
Makhleb
Nemelex Xobeh
Trog

Shops:
D:4 (


Innate Abilities, Weirdness & Mutations

You reflexively headbutt those who attack you in melee.
You have a pair of horns on your head.


Message History

The gnoll hits you from afar with a halberd.
* * * LOW HITPOINT WARNING * * *
The orc warrior barely misses you. The hound barely misses you.
You miss the hound. Your headbutt misses the hound.
The hound is severely wounded.
The gnoll barely misses you. The hound bites you but does no damage.
The orc warrior hits you with a scimitar.
* * * LOW HITPOINT WARNING * * *
Unknown command.
You hit the orc warrior but do no damage.
The orc warrior is lightly wounded.
The hound barely misses you. The gnoll barely misses you.
The orc warrior barely misses you. The hound bites you.
* * * LOW HITPOINT WARNING * * *
Unknown command.
You closely miss the hound. Your headbutt misses the hound.
The hound is severely wounded.
The hound barely misses you. The gnoll barely misses you.
The orc warrior hits you with a scimitar!
You die...

#.###.##.........
#.# ####........#
##.# #.....†..#
#..# #####...##
#.## ###.# #.#
#.# ####.# #.##
#....# #####...
#.##@## ....PP...
# #o#h#


#.PPPPP## ........gg......PP_PP## #.#.#.#.#g#.#.#.P.P.P# ........... ...PPP.##
#.#.#.#.# #.# ####(#... .......... ... #.#### .#.# #.#.# #.# .. ... .. You could
see an orc warrior, a hound and 3 gnolls.

Vanquished Creatures
  The ghost of bear the Chopper, an average MiBe of Trog (D:3)
  A centaur (D:3)
  A hound (D:4)
  2 worker ants (D:4)
  3 adders
  4 worms
  4 giant geckos
  3 ball pythons
  10 bats
  4 giant cockroaches
  7 goblins
  14 hobgoblins
  3 jackals (D:1)
  3 kobolds
  A ball python skeleton (D:4)
  5 giant newts
  A jackal skeleton (D:4)
  10 rats
77 creatures vanquished.

Vanquished Creatures (others)
  A fungus (D:4)
1 creature vanquished.

Grand Total: 78 creatures vanquished

Notes
Turn   | Place    | Note
--------------------------------------------------------------
     0 | D:1      | kae the Minotaur Fighter began the quest for the Orb.
     0 | D:1      | Reached XP level 1. HP: 19/19 MP: 0/0
    79 | D:1      | Reached XP level 2. HP: 20/26 MP: 1/1
   382 | D:1      | Reached skill level 4 in Maces & Flails
   408 | D:1      | Reached XP level 3. HP: 31/31 MP: 2/2
   673 | D:2      | Reached skill level 5 in Maces & Flails
   689 | D:2      | Found a sparkling altar of Nemelex Xobeh.
   998 | D:2      | Reached XP level 4. HP: 39/39 MP: 3/3
  1356 | D:3      | Noticed a centaur
  1364 | D:3      | Killed a centaur
  1364 | D:3      | Reached skill level 6 in Maces & Flails
  1364 | D:3      | Reached XP level 5. HP: 18/45 MP: 4/4
  1588 | D:3      | Found a burning altar of Makhleb.
  1596 | D:3      | Became a worshipper of Makhleb the Destroyer
  1746 | D:3      | Noticed bear's ghost (average MiBe)
  1758 | D:3      | Killed bear's ghost
  1758 | D:3      | Reached skill level 7 in Maces & Flails
  1758 | D:3      | Reached XP level 6. HP: 31/51 MP: 5/5
  2050 | D:3      | Reached skill level 8 in Maces & Flails
  2175 | D:3      | Found a sparkling altar of Nemelex Xobeh.
  2176 | D:3      | Found a bloodstained altar of Trog.
  2206 | D:4      | Found Nueqorche's Weapon Shoppe.
  2358 | D:4      | Found a blossoming altar of Fedhas.
  2415 | D:4      | Found a staircase to the Ecumenical Temple.
  2671 | D:4      | Slain by an orc warrior

Vault maps used:
D:1:      dpeg_arrival_concentric_ovals, minmay_misc_feat_chi, st_stairs_8,
          minmay_tree_intersection, corexii_hall_statues_i
D:2:      nemelex_diamond_rough_becter
D:3:      gammafunk_temple_overflow_statue, serial_glass, glass_columns_a,
          glass_columns_c, first_bread, bh_chokoban, bloody_makhleb
D:4:      fedhas_altar_3, minmay_temple_entry_enclosed_plants, serial_shops,
          nicolae_shop_trees, hangedman_decor_peaks_small, st_stairs_11,
          dk_noncrumbling_3

Action                   |  1- 3 |  4- 6 || total
-------------------------+-------+-------++-------
Melee: Flail             |   106 |   105 ||   211
  Use: Potion            |       |     1 ||     1
  Eat: Chunk             |       |    18 ||    18
